[Event "Titled Tuesday Blitz September 27 Early 2022"]
[White "Arabidze, Meri"]
[Black "Wachinger, Guenther"]
[WhiteFideId "13604040"]
[BlackFideId "4604261"]
[WhiteElo "2335"]
[BlackElo "2212"]
[Result "1-0"]
[Round "07"]
[TimeControl "180+1"]
[Date "2022.09.27"]
[WhiteClock "0:00:22"]
[BlackClock "0:00:02"]

1. Nf3 c5 2. g3 g6 3. c4 Nc6 4. Bg2 Bg7 5. O-O e5 6. Nc3 Nge7 7. d3 O-O 8. Bg5 f6 9. Bd2 h6 10. a3 a5 11. Ne1 f5 12. Nc2 d6 13. Ne3 f4 14. Ned5 g5 15. Ne4 Nxd5 16. cxd5 Ne7 17. b4 b6 18. bxc5 bxc5 19. Rb1 Kh8 20. Qb3 Bg4 21. Rfe1 Nf5 22. f3 Nd4 23. Qb6 Bf5 24. Qxd6 Qxd6 25. Nxd6 Nxe2+ 26. Rxe2 Bxd3 27. Ree1 Bxb1 28. Rxb1 Rad8 29. Rb6 e4 30. Nxe4 Rxd5 31. gxf4 c4 32. Rc6 c3 33. Bxc3 Rxf4 34. Rxh6+ Kg8 35. Rg6 Rd1+ 36. Kf2 Rf7 37. Nxg5 Rc7 38. Be5 Re7 39. f4 Kf8 40. Ne6+ Kf7 41. Rxg7+ Kxe6 42. Bh3+ Kd5 43. Rxe7 Rd2+ 44. Kg3 Rd3+ 45. Kg4 Rxa3 46. Rd7+ Ke6 47. Rd6+ Kf7 48. Bg2 a4 49. Bd5+ Ke7 50. Re6+ Kd7 51. Ra6 Rd3 52. Ra7+ Kd8 53. Bf6+ Ke8 54. Bc6+ Kf8 55. Bxa4 Ra3 56. h4 Ra2 57. h5 Rg2+ 58. Kf5 Rh2 59. Bg7+ Kg8 60. Bb3+ Kh7 61. Bf6+ Kh6 62. Bg5+ Kxh5 63. Rh7# 1-0


[Site "https://www.chess.com"]

[Event "Titled Tuesday Blitz September 27 Early 2022"]
[White "Avazkhonov, Alikhon"]
[Black "Sipila, Vilka"]
[WhiteFideId "14208504"]
[BlackFideId "505455"]
[WhiteElo "2474"]
[BlackElo "2715"]
[Result "0-1"]
[Round "07"]
[TimeControl "180+1"]
[Date "2022.09.27"]
[WhiteClock "0:00:06"]
[BlackClock "0:01:51"]

1. d4 f5 2. c4 Nf6 3. g3 g6 4. Bg2 Bg7 5. Nf3 O-O 6. O-O d6 7. Nc3 c6 8. b3 Na6 9. Bb2 Qe8 10. Re1 Ne4 11. Qc2 Nb4 12. Qc1 a5 13. a3 Na6 14. d5 Qf7 15. Nxe4 fxe4 16. Bxg7 Qxg7 17. Ng5 Nc5 18. Qc2 e3 19. fxe3 Qe5 20. Nf3 Qxe3+ 21. Kh1 Ne4 22. Rf1 Nf2+ 23. Rxf2 Qxf2 24. Qd3 Bf5 25. e4 Bh3 26. Bxh3 Rxf3 27. Rf1 Qxf1+ 28. Qxf1 Rxf1+ 29. Bxf1 Rf8 30. Kg2 Kg7 31. Be2 e6 32. dxe6 Kf6 33. Kf3 Kxe6+ 34. Ke3 Ke5 35. Bg4 Rf1 36. Bc8 Rb1 37. Kd3 Rxb3+ 38. Kc2 Rxa3 39. Bxb7 c5 40. Kb2 Re3 41. Bd5 Rxe4 0-1


[Site "https://www.chess.com"]

[Event "Titled Tuesday Blitz September 27 Early 2022"]
[White "Averjanov, Alexey"]
[Black "Svane, Frederik"]
[WhiteFideId "14109867"]
[BlackFideId "12923044"]
[WhiteElo "2655"]
[BlackElo "2818"]
[Result "0-1"]
[Round "07"]
[TimeControl "180+1"]
[Date "2022.09.27"]
[WhiteClock "0:00:17"]
[BlackClock "0:00:07"]

1. d4 Nf6 2. c4 e6 3. Nf3 b6 4. g3 Bb4+ 5. Nbd2 O-O 6. Bg2 d5 7. O-O Bb7 8. b3 Re8 9. Bb2 Nbd7 10. Rc1 Rc8 11. e3 c5 12. Qe2 dxc4 13. Nxc4 cxd4 14. Nxd4 Bxg2 15. Kxg2 Qe7 16. Rfd1 Red8 17. a3 Bc5 18. b4 Bxd4 19. Bxd4 h5 20. h4 e5 21. Ba1 Qe6 22. Kg1 e4 23. Kg2 Rc6 24. b5 Rc5 25. Rd6 Qxd6 26. Nxd6 Rxc1 27. Qa2 Rf8 28. Bd4 Rc7 29. a4 Nc5 30. Bxf6 gxf6 31. a5 Rd8 32. Nf5 Kh7 33. axb6 axb6 34. Qa1 Kg6 35. Nd4 Ne6 36. Nxe6 fxe6 37. Qa6 Rc2 38. Qxb6 Rdd2 39. Qxe6 Rxf2+ 40. Kg1 Rfd2 41. Qxe4+ Kf7 42. Qb7+ Ke6 43. Qe4+ Kd6 44. Qb4+ Kd5 45. Qb1 Rg2+ 46. Kh1 Rh2+ 47. Kg1 Rcg2+ 48. Kf1 Rh1+ 49. Kxg2 Rxb1 50. Kf3 Rxb5 51. Kf4 Ke6 52. e4 Rb1 53. g4 Rf1+ 54. Kg3 Rg1+ 0-1


[Site "https://www.chess.com"]

[Event "Titled Tuesday Blitz September 27 Early 2022"]
[White "Azadaliyev, Jahandar"]
[Black "Maung, Maung Kyaw Zaw Hein"]
[WhiteFideId "13425811"]
[BlackFideId "13001698"]
[WhiteElo "1810"]
[BlackElo "1785"]
[Result "0-1"]
[Round "07"]
[TimeControl "180+1"]
[Date "2022.09.27"]
[WhiteClock "0:00:04"]
[BlackClock "0:01:19"]

1. e4 c6 2. d4 d5 3. f3 dxe4 4. fxe4 e5 5. Nf3 Bg4 6. Bc4 Nd7 7. O-O Ngf6 8. Bg5 Be7 9. Nc3 O-O 10. dxe5 Bxf3 11. exf6 Bxd1 12. fxe7 Qb6+ 13. Kh1 Ne5 14. exf8=Q+ Rxf8 15. Raxd1 Nxc4 16. b3 Ne5 17. h3 f6 18. Bf4 Rd8 19. Bxe5 fxe5 20. Rde1 Qc5 21. Rf3 Rf8 22. Ref1 Rxf3 23. Rxf3 b5 24. Rd3 h6 25. Rf3 b4 26. Nd1 Qxc2 27. Ne3 Qxe4 28. Nc4 Qe1+ 29. Kh2 Qe4 30. Re3 Qf4+ 31. Kh1 e4 32. g3 Qf1+ 33. Kh2 Qf2+ 34. Kh1 Qc2 35. Kg1 Qxa2 36. Rxe4 0-1


[Site "https://www.chess.com"]

[Event "Titled Tuesday Blitz September 27 Early 2022"]
[White "Babazada, Khazar"]
[Black "Hardaway, Brewington"]
[WhiteFideId "13413554"]
[BlackFideId "30941849"]
[WhiteElo "2409"]
[BlackElo "1813"]
[Result "1-0"]
[Round "07"]
[TimeControl "180+1"]
[Date "2022.09.27"]
[WhiteClock "0:00:19"]
[BlackClock "0:00:03"]

1. Nf3 Nf6 2. g3 e6 3. Bg2 d5 4. O-O Bd6 5. b3 O-O 6. Bb2 c5 7. d3 Nc6 8. Nbd2 Qc7 9. e4 dxe4 10. dxe4 Rd8 11. Qe2 e5 12. Nc4 Bg4 13. h3 Bxf3 14. Qxf3 Nd4 15. Qd3 b5 16. Ne3 Rac8 17. c3 Ne6 18. Qxb5 Ng5 19. Qc4 Bf8 20. Rad1 Qc6 21. Nd5 Ne8 22. h4 Ne6 23. Qe2 c4 24. b4 Qa4 25. Bc1 a5 26. a3 Qb3 27. Bh3 Rd6 28. Qb2 Qa4 29. Ne3 Rb6 30. Qe2 axb4 31. axb4 Qb3 32. Qc2 Ra8 33. Qxb3 cxb3 34. Rd2 Rc6 35. Nd5 N6c7 36. Bb2 Nb5 37. Rc1 Ned6 38. Bf1 Nc4 39. Bxc4 Rxc4 40. Nb6 Rac8 41. Nxc8 Rxc8 42. c4 Nd6 43. c5 Nxe4 44. Rd3 Rb8 45. c6 Bd6 46. c7 Rc8 47. Bxe5 b2 48. Bxb2 Bxc7 49. Be5 f6 50. Rxc7 Ra8 51. Bf4 h5 52. Rdd7 Ra1+ 53. Kg2 Ra2 54. Rxg7+ Kh8 55. Be3 f5 56. Rg6 f4 57. Bd4+ Nf6 58. Bxf6# 1-0


[Site "https://www.chess.com"]

[Event "Titled Tuesday Blitz September 27 Early 2022"]
[White "Bacrot, Etienne"]
[Black "Baskakov, Egor"]
[WhiteFideId "605506"]
[BlackFideId "24197866"]
[WhiteElo "2666"]
[BlackElo "2211"]
[Result "1-0"]
[Round "07"]
[TimeControl "180+1"]
[Date "2022.09.27"]
[WhiteClock "0:01:29"]
[BlackClock "0:01:28"]

1. d4 Nf6 2. Nf3 e6 3. c4 d5 4. Nc3 Ne4 5. Qc2 f5 6. Bf4 c6 7. e3 Be7 8. Rg1 O-O 9. g4 Nd7 10. gxf5 exf5 11. cxd5 cxd5 12. Nxd5 Qa5+ 13. Nc3 Ndf6 14. Bc4+ Kh8 15. Ne5 Bb4 16. Rc1 Bd7 17. f3 Nd6 18. Bb3 Rac8 19. Qg2 Nde8 20. Qh3 1-0


[Site "https://www.chess.com"]

[Event "Titled Tuesday Blitz September 27 Early 2022"]
[White "Balint, Vilmos"]
[Black "Mitrovic, Darko R"]
[WhiteFideId "718050"]
[BlackFideId "927023"]
[WhiteElo "2076"]
[BlackElo "2150"]
[Result "0-1"]
[Round "07"]
[TimeControl "180+1"]
[Date "2022.09.27"]
[WhiteClock "0:01:59"]
[BlackClock "0:01:05"]

1. e4 e6 2. d4 d5 3. Nc3 Bb4 4. exd5 exd5 5. Bd3 Nf6 6. Ne2 O-O 7. Bf4 c6 8. f3 Bd6 9. Qd2 b5 10. O-O-O a5 11. g4 a4 12. h4 b4 13. Nb1 Ba6 14. h5 Bxd3 15. Qxd3 Bxf4+ 16. Nxf4 Qd6 17. Nh3 Nbd7 18. h6 g6 19. Rde1 c5 20. dxc5 Nxc5 21. Qd2 b3 22. cxb3 axb3 23. a3 Rac8 24. Kd1 Na4 25. Re3 Rc2 26. Qd4 Nxb2+ 27. Ke1 Rc1+ 28. Kf2 Rxh1 29. Ng1 Qh2+ 30. Kf1 Rxg1# 0-1


[Site "https://www.chess.com"]

[Event "Titled Tuesday Blitz September 27 Early 2022"]
[White "Balkum, Alexander"]
[Black "Riehle, Marco"]
[WhiteFideId "2005069"]
[BlackFideId "12904392"]
[WhiteElo "2386"]
[BlackElo "2462"]
[Result "0-1"]
[Round "07"]
[TimeControl "180+1"]
[Date "2022.09.27"]
[WhiteClock "0:00:44"]
[BlackClock "0:02:14"]

1. e4 e5 2. Nf3 Nf6 3. Nxe5 Nxe4 4. Qe2 Qe7 5. Qxe4 d6 6. d4 dxe5 7. dxe5 Nc6 8. Bf4 g5 9. Be3 f5 10. Qa4 f4 11. Be2 fxe3 12. Bh5+ Kd8 13. O-O Bd7 14. fxe3 Qxe5 15. Nc3 Bd6 16. g3 Qxe3+ 17. Kh1 Nd4 18. Qc4 Bc6+ 19. Nd5 Qe5 0-1


[Site "https://www.chess.com"]

[Event "Titled Tuesday Blitz September 27 Early 2022"]
[White "Barria Zuniga, Daniel"]
[Black "Bharath Subramaniyam H"]
[WhiteFideId "3400816"]
[BlackFideId "46634827"]
[WhiteElo "2652"]
[BlackElo "2796"]
[Result "0-1"]
[Round "07"]
[TimeControl "180+1"]
[Date "2022.09.27"]
[WhiteClock "0:01:42"]
[BlackClock "0:02:04"]

1. d4 Nf6 2. c4 b6 3. Nf3 Bb7 4. g3 g6 5. Bg2 Bg7 6. Nc3 O-O 7. Qc2 d5 8. Ne5 Nbd7 9. O-O c5 10. Nxd7 Qxd7 11. dxc5 d4 12. Bxb7 Qxb7 13. Na4 Qc6 14. b3 bxc5 15. Ba3 Nd7 16. Rad1 e5 17. e3 Rfe8 18. Rfe1 e4 19. exd4 cxd4 20. Bb2 Ne5 0-1


[Site "https://www.chess.com"]

[Event "Titled Tuesday Blitz September 27 Early 2022"]
[White "Bashirli, Saadat"]
[Black "Arutinian, David"]
[WhiteFideId "13429990"]
[BlackFideId "13601741"]
[WhiteElo "1173"]
[BlackElo "2525"]
[Result "0-1"]
[Round "07"]
[TimeControl "180+1"]
[Date "2022.09.27"]
[WhiteClock "0:00:04"]
[BlackClock "0:01:26"]

1. d4 Nf6 2. c4 e6 3. Nc3 Bb4 4. e3 O-O 5. Nf3 d5 6. a3 Bxc3+ 7. bxc3 c5 8. cxd5 exd5 9. Bd3 Bg4 10. O-O Nbd7 11. h3 Bh5 12. Be2 Ne4 13. Bb2 Nb6 14. Nd2 Bxe2 15. Qxe2 Nxd2 16. Qxd2 Nc4 17. Qc2 cxd4 18. cxd4 Rc8 19. Bc3 Rc6 20. Rfb1 Qd7 21. Rb3 Rfc8 22. Qd3 b6 23. a4 Rg6 24. Kh2 Rf6 25. Kg1 Rg6 26. Kh2 a6 27. Be1 Re6 28. Rc1 Qxa4 29. Rb4 Qe8 30. Qf5 Qd8 31. Ra1 b5 32. Rb3 g6 33. Qf3 Qd7 34. Bb4 h5 35. Rc3 a5 36. Bc5 b4 37. Rcc1 b3 38. Rc3 a4 39. Qe2 Qb5 40. Rb1 Rec6 41. f3 Rxc5 42. dxc5 Rxc5 43. e4 d4 44. Rcc1 a3 45. Qd3 b2 46. Rd1 a2 47. Qxd4 axb1=Q 48. Rxb1 Rc8 49. Qc3 Rb8 50. h4 Qe5+ 51. Qxe5 Nxe5 52. Kg1 Nc4 53. Kf2 Na3 0-1


[Site "https://www.chess.com"]

[Event "Titled Tuesday Blitz September 27 Early 2022"]
[White "Begmuratov, Khumoyun"]
[Black "Jaskolka, Tomasz"]
[WhiteFideId "14210207"]
[BlackFideId "1170791"]
[WhiteElo "1978"]
[BlackElo "2073"]
[Result "1-0"]
[Round "07"]
[TimeControl "180+1"]
[Date "2022.09.27"]
[WhiteClock "0:01:41"]
[BlackClock "0:00:47"]

1. e4 c5 2. Nf3 e6 3. d3 d5 4. Nbd2 Nc6 5. g3 g6 6. Bg2 Bg7 7. O-O Nge7 8. Re1 b6 9. Nf1 a5 10. e5 a4 11. h4 Qc7 12. Bf4 h6 13. N1h2 g5 14. hxg5 hxg5 15. Nxg5 Bxe5 16. Bxe5 Nxe5 17. Qe2 N5c6 18. Ng4 Kf8 19. Qf3 Ng6 20. Rxe6 Nd4 21. Qxd5 Nxe6 22. Nxe6+ Bxe6 23. Qxa8+ Kg7 24. Qxa4 b5 25. Qe4 c4 26. Qd4+ Kf8 27. Re1 cxd3 28. cxd3 Bxg4 29. Qxg4 Qc2 30. Qb4+ Kg7 31. Qc3+ Qxc3 32. bxc3 Rc8 33. Rc1 Ne5 34. d4 Nd3 35. Rc2 Ne1 36. Rb2 Rxc3 37. Rxb5 Rc1 38. Kh2 Rc2 39. Rf5 Nxg2 40. Kxg2 Rxa2 41. Rf4 Rd2 42. Kf3 Kg6 43. Ke4 Re2+ 44. Kd5 f5 45. Kc6 Kf6 46. d5 Ke5 47. d6 Rc2+ 48. Kd7 Rd2 49. Ke7 Rxd6 50. Rxf5+ Kxf5 51. Kxd6 Kg4 52. f4 Kf3 53. f5 Kg4 54. f6 Kg5 55. f7 Kg6 56. f8=Q Kh7 57. Qf6 Kg8 58. Qe7 Kh8 59. Ke6 Kg8 60. Kf6 Kh8 1-0


[Site "https://www.chess.com"]

[Event "Titled Tuesday Blitz September 27 Early 2022"]
[White "Bilan, Danila"]
[Black "Visakh N R"]
[WhiteFideId "24161918"]
[BlackFideId "25012223"]
[WhiteElo "2164"]
[BlackElo "2448"]
[Result "0-1"]
[Round "07"]
[TimeControl "180+1"]
[Date "2022.09.27"]
[WhiteClock "0:00:01"]
[BlackClock "0:01:08"]

1. d4 Nf6 2. Nf3 g6 3. Bg5 Bg7 4. c3 O-O 5. Nbd2 d6 6. e4 c5 7. Bc4 cxd4 8. cxd4 d5 9. Bxf6 Bxf6 10. Bxd5 e6 11. Bb3 Bxd4 12. Nxd4 Qxd4 13. Qe2 Rd8 14. Rd1 Qxb2 15. h4 a5 16. h5 a4 17. Bc4 Nc6 18. Qe3 Ra5 19. hxg6 hxg6 20. O-O Qd4 21. Qe2 Rc5 22. Bb5 Rc2 23. Bxc6 bxc6 24. Nf3 Rxe2 25. Nxd4 Rxe4 26. Nxc6 Rxd1 27. Rxd1 Bb7 28. Ne7+ Kg7 29. Rd7 Rb4 30. Rc7 Rb1+ 31. Kh2 Rb2 32. Kg3 Be4 33. f3 Bd3 34. a3 Bf1 35. Nc6 Rxg2+ 36. Kf4 Rc2 37. Ke3 Bb5 0-1


[Site "https://www.chess.com"]

[Event "Titled Tuesday Blitz September 27 Early 2022"]
[White "Blokhin, Sofia"]
[Black "Ljukin, Sergei"]
[WhiteFideId "4508190"]
[BlackFideId "14102200"]
[WhiteElo "1771"]
[BlackElo "2312"]
[Result "0-1"]
[Round "07"]
[TimeControl "180+1"]
[Date "2022.09.27"]
[WhiteClock "0:00:06"]
[BlackClock "0:00:18"]

1. d4 d5 2. c4 c6 3. Nc3 Nf6 4. cxd5 cxd5 5. e3 Nc6 6. Nf3 Bg4 7. Bd3 e6 8. O-O Bd6 9. Ne2 Bxf3 10. gxf3 O-O 11. f4 g6 12. f3 Rc8 13. Bd2 Nh5 14. Ng3 Ng7 15. a3 Qb6 16. b4 Nxd4 17. Kh1 Nc6 18. e4 Rfd8 19. e5 Bf8 20. b5 Na5 21. Bxa5 Qxa5 22. Rg1 Rc3 23. h4 Rdc8 24. h5 Qd8 25. hxg6 Qh4+ 26. Kg2 fxg6 27. Rh1 Qxf4 28. Qe2 Qg5 29. Kf2 Bc5+ 30. Kg2 Nh5 31. Rxh5 gxh5 32. Rh1 h4 33. Rh3 Kh8 34. Kh2 hxg3+ 35. Rxg3 Qe3 36. Qg2 Rxd3 37. Qh3 Rd2+ 38. Kh1 Qe1+ 39. Rg1 Qxg1# 0-1


[Site "https://www.chess.com"]

[Event "Titled Tuesday Blitz September 27 Early 2022"]
[White "Bluebaum, Matthias"]
[Black "Hansen, Eric"]
[WhiteFideId "24651516"]
[BlackFideId "2606771"]
[WhiteElo "2633"]
[BlackElo "2568"]
[Result "0-1"]
[Round "07"]
[TimeControl "180+1"]
[Date "2022.09.27"]
[WhiteClock "0:00:02"]
[BlackClock "0:00:22"]

1. d4 Nf6 2. c4 e6 3. Nc3 Bb4 4. e3 O-O 5. Bd2 b6 6. Bd3 Bb7 7. Nf3 d5 8. cxd5 exd5 9. Rc1 a6 10. O-O Re8 11. Ne5 Bd6 12. f4 c5 13. Be1 Nc6 14. Bh4 cxd4 15. Bxf6 Qxf6 16. Nxd5 Qe6 17. Nxc6 Qxd5 18. e4 Qxa2 19. e5 Bf8 20. Be4 Rac8 21. Qd3 Bxc6 22. Bxc6 Red8 23. f5 Qxb2 24. f6 Qa3 25. Qf5 g6 26. Qg5 Qe3+ 27. Qxe3 dxe3 28. Bf3 Rc5 29. e6 fxe6 30. Rfe1 Kf7 31. Ra1 Re5 32. Rab1 Bc5 33. Kh1 a5 34. Be2 Rd2 35. Bb5 Kxf6 36. Rf1+ Rf5 37. g4 Rff2 38. h4 g5 39. h5 Ke5 40. Rxf2 Rxf2 41. Kg1 Kf4 42. Re1 e2 43. Kh1 Kg3 44. Rg1+ Kh3 45. Rg2 Rf1+ 46. Rg1 Rxg1# 0-1


[Site "https://www.chess.com"]

[Event "Titled Tuesday Blitz September 27 Early 2022"]
[White "Bortnyk, Olexandr"]
[Black "Milikow, Yoav"]
[WhiteFideId "14120828"]
[BlackFideId "2822237"]
[WhiteElo "2723"]
[BlackElo "2341"]
[Result "1-0"]
[Round "07"]
[TimeControl "180+1"]
[Date "2022.09.27"]
[WhiteClock "0:00:56"]
[BlackClock "0:00:05"]

1. e4 e5 2. Bc4 Nf6 3. d3 Nc6 4. Nc3 Bc5 5. Be3 d6 6. Bxc5 dxc5 7. h3 O-O 8. a3 Be6 9. Bxe6 fxe6 10. Nf3 Nh5 11. Ne2 Qf6 12. Qd2 Nd4 13. Nexd4 cxd4 14. Qg5 Nf4 15. Qxf6 gxf6 16. g3 Ng6 17. h4 c5 18. h5 Nh8 19. b3 Nf7 20. a4 a5 21. Nd2 Nd6 22. Nc4 Ra6 23. Nd2 Rfa8 24. Ke2 b5 25. f4 exf4 26. gxf4 Kf7 27. Rhg1 bxa4 28. Rxa4 Nb5 29. Kf3 Nc3 30. Raa1 a4 31. h6 Rg8 32. Rxg8 Kxg8 33. bxa4 Rxa4 34. Rg1+ Kh8 35. Rg7 Ra8 36. Nc4 Nb5 37. Rb7 Nc3 38. Nd6 Kg8 39. Rg7+ Kf8 40. Rxh7 Ra6 41. Rh8+ Ke7 42. h7 Ra8 43. Rxa8 1-0


[Site "https://www.chess.com"]

[Event "Titled Tuesday Blitz September 27 Early 2022"]
[White "Broca Jimenez, Fernando"]
[Black "Theocharous, Stelios"]
[WhiteFideId "5104742"]
[BlackFideId "5901545"]
[WhiteElo "2062"]
[BlackElo "2010"]
[Result "1-0"]
[Round "07"]
[TimeControl "180+1"]
[Date "2022.09.27"]
[WhiteClock "0:00:09"]
[BlackClock "0:00:02"]

1. e4 c5 2. Nf3 Nc6 3. d4 cxd4 4. Nxd4 Nf6 5. Nc3 e5 6. Nb3 Bb4 7. Bd3 d5 8. exd5 Nxd5 9. Bd2 O-O 10. O-O Nxc3 11. bxc3 Bd6 12. Qh5 f5 13. Bc4+ Kh8 14. Rad1 Qc7 15. Bd5 Ne7 16. Bf3 e4 17. Be2 Be6 18. Nd4 Bc4 19. Bxc4 Qxc4 20. Bg5 Nd5 21. Ne6 Rfe8 22. Nxg7 Kxg7 23. Qh6+ Kg8 24. Qxd6 Nb6 25. Qg3 Kf7 26. Bf4 Rg8 27. Qh3 Rg7 28. Qxf5+ Kg8 29. Be5 Rf8 30. Qh5 Rg6 31. Bg3 1-0


[Site "https://www.chess.com"]

[Event "Titled Tuesday Blitz September 27 Early 2022"]
[White "Brodowski, Piotr"]
[Black "Rostovtsev, Dmitry"]
[WhiteFideId "1124480"]
[BlackFideId "34278320"]
[WhiteElo "2631"]
[BlackElo "2752"]
[Result "1/2-1/2"]
[Round "07"]
[TimeControl "180+1"]
[Date "2022.09.27"]
[WhiteClock "0:00:10"]
[BlackClock "0:00:10"]

1. Nf3 Nf6 2. c4 e6 3. e3 d5 4. b3 c5 5. Bb2 Nc6 6. cxd5 exd5 7. d4 cxd4 8. Nxd4 Bb4+ 9. Bc3 Bd6 10. Nd2 O-O 11. N2f3 Bg4 12. Bd3 Ne4 13. Bxe4 dxe4 14. Nxc6 bxc6 15. Qd4 Qf6 16. Qxf6 gxf6 17. Nd2 f5 18. f3 exf3 19. gxf3 Bh5 20. Rg1+ Bg6 21. h4 h5 22. Kf2 f4 23. Ne4 fxe3+ 24. Kxe3 Rfe8 25. Kf2 Rxe4 26. fxe4 Bc5+ 27. Kf3 Bxg1 28. Rxg1 Rd8 29. Ke3 Kf8 30. Bf6 Rd6 31. Bd4 Rd7 32. Rc1 Rc7 33. Be5 Rc8 34. Rd1 Re8 35. Bd6+ Kg7 36. e5 Bf5 37. Rg1+ Bg4 38. Kd4 f6 39. exf6+ Kxf6 40. Kc5 Re2 41. a4 Rc2+ 42. Kb4 Ke6 43. Bb8 a6 44. Ka5 Be2 45. Rg6+ Kd5 46. Ba7 Rb2 47. b4 Ra2 48. Rg5+ Ke6 49. Bc5 Bd1 50. Kb6 Rxa4 51. Kxc6 Ra2 52. Rg1 Bf3+ 53. Kb6 Be2 54. Rg8 Rc2 55. Re8+ Kf5 56. Rg8 Rc4 57. Be7 Re4 58. Rg7 Bd3 59. Ka7 Be2 60. Kb6 Re6+ 61. Ka7 Rg6 62. Rh7 Kg4 63. Bg5 Bd3 64. Rd7 Bb5 65. Rd4+ Kg3 66. Re4 Rc6 67. Kb7 Rc4 68. Rxc4 Bxc4 69. Kb6 Bb5 70. Kc5 Kg4 71. Kd4 Kf5 72. Kc5 Ke4 73. Kd6 Kd4 74. Be7 Kc4 75. Ke6 Be8 76. Kf6 Bd7 77. Kg6 Bg4 78. Kg5 Kb5 79. Bf8 Kc6 80. Be7 Kd5 81. Bf8 Ke6 82. Bc5 Kd5 83. Bf8 Kc4 84. Be7 Kd3 85. Bf8 Ke4 86. Be7 Kd5 87. Bf8 1/2-1/2


[Site "https://www.chess.com"]

[Event "Titled Tuesday Blitz September 27 Early 2022"]
[White "Bryakin, Mikhail"]
[Black "Gajwa Ankit"]
[WhiteFideId "4165314"]
[BlackFideId "5077834"]
[WhiteElo "2357"]
[BlackElo "2036"]
[Result "1-0"]
[Round "07"]
[TimeControl "180+1"]
[Date "2022.09.27"]
[WhiteClock "0:01:24"]
[BlackClock "0:00:27"]

1. e4 c5 2. Nf3 d6 3. Bb5+ Nd7 4. a4 Nf6 5. d3 g6 6. O-O Bg7 7. h3 O-O 8. Nc3 a6 9. Bxd7 Nxd7 10. a5 Nb8 11. Qd2 Nc6 12. Nd5 Be6 13. c4 f5 14. Ng5 Bd7 15. Ra2 fxe4 16. dxe4 Ne5 17. b3 h6 18. f4 hxg5 19. fxe5 Rxf1+ 20. Kxf1 Qf8+ 21. Kg1 Bxe5 22. Qxg5 Bd4+ 23. Be3 Bxe3+ 24. Qxe3 e6 25. Rf2 Qg7 26. Nf6+ Kh8 27. Qg5 1-0


[Site "https://www.chess.com"]

[Event "Titled Tuesday Blitz September 27 Early 2022"]
[White "Burmakin, Vladimir"]
[Black "Garv Gaur"]
[WhiteFideId "4105109"]
[BlackFideId "45030839"]
[WhiteElo "2513"]
[BlackElo "1950"]
[Result "1-0"]
[Round "07"]
[TimeControl "180+1"]
[Date "2022.09.27"]
[WhiteClock "0:00:57"]
[BlackClock "0:00:08"]

1. Nf3 d5 2. c4 c6 3. e3 Nf6 4. d4 Bf5 5. Nc3 e6 6. Nh4 Bg4 7. Qb3 Qc8 8. h3 Bh5 9. g4 Bg6 10. Nxg6 hxg6 11. Bg2 Bd6 12. Bd2 Na6 13. Rc1 Qd7 14. Ke2 Rb8 15. f4 Nc7 16. c5 Be7 17. Qc2 Kf8 18. Nd1 Rd8 19. Nf2 Nh7 20. g5 Kg8 21. h4 Nf8 22. Bf3 f5 23. gxf6 Bxf6 24. h5 gxh5 25. Bxh5 Rh6 26. Bg4 Rxh1 27. Rxh1 b6 28. b4 bxc5 29. bxc5 Rb8 30. Nd3 Qc8 31. Rb1 Rxb1 32. Qxb1 Qa6 33. Qb8 Nb5 34. Bxe6+ Kh7 35. Qxf8 Bxd4 36. Bf5+ g6 37. Qf7+ Bg7 38. Qxg6+ Kg8 39. Be6+ Kh8 40. Qh5+ Bh6 41. Qxh6# 1-0


[Site "https://www.chess.com"]

[Event "Titled Tuesday Blitz September 27 Early 2022"]
[White "Buscar, Michael"]
[Black "Tari, Aryan"]
[WhiteFideId "2603616"]
[BlackFideId "1510045"]
[WhiteElo "2010"]
[BlackElo "2612"]
[Result "0-1"]
[Round "07"]
[TimeControl "180+1"]
[Date "2022.09.27"]
[WhiteClock "0:00:03"]
[BlackClock "0:00:58"]

1. d4 Nf6 2. c4 b6 3. Nc3 Bb7 4. Nf3 e6 5. Bg5 Bb4 6. e3 h6 7. Bh4 g5 8. Bg3 Ne4 9. Rc1 h5 10. h4 g4 11. Ne5 Bxc3+ 12. bxc3 Nxg3 13. fxg3 d6 14. Nd3 Nd7 15. Qc2 Be4 16. Qf2 e5 17. Be2 Rh6 18. O-O Rf6 19. Qe1 Qe7 20. Qd2 O-O-O 21. a4 Rxf1+ 22. Bxf1 a5 23. Nf2 Bc6 24. Qa2 exd4 25. exd4 Qe3 26. Qc2 Qxg3 27. Qf5 Qe3 28. d5 Bxa4 29. Ra1 g3 30. Rxa4 Kb7 31. Ra2 Ne5 32. Re2 gxf2+ 33. Qxf2 Qxc3 34. Qf6 Rg8 35. Qf5 Qd4+ 36. Rf2 Qxh4 37. Rf4 Qg3 38. Re4 Ng4 0-1


[Site "https://www.chess.com"]

[Event "Titled Tuesday Blitz September 27 Early 2022"]
[White "Carlsen, Magnus"]
[Black "Nakamura, Hikaru"]
[WhiteFideId "1503014"]
[BlackFideId "2016192"]
[WhiteElo "2830"]
[BlackElo "2850"]
[Result "1/2-1/2"]
[Round "07"]
[TimeControl "180+1"]
[Date "2022.09.27"]
[WhiteClock "0:00:34"]
[BlackClock "0:00:51"]

1. c4 Nf6 2. g3 e6 3. Bg2 d5 4. Nf3 Be7 5. d4 O-O 6. Qb3 c5 7. cxd5 cxd4 8. O-O Qxd5 9. Qxd5 Nxd5 10. Nxd4 Nc6 11. Rd1 Nxd4 12. Rxd4 Bf6 13. Rd1 Bd7 14. Bxd5 exd5 15. Nc3 Bxc3 16. bxc3 Be6 17. Be3 Rfc8 18. Bd4 Rc4 19. Rdb1 Rc7 20. a4 f6 21. Rb5 a6 22. Rb6 Bd7 23. a5 Bc6 24. f3 Re8 25. Kf2 Bb5 26. e3 Bc6 27. g4 h6 28. h4 Kh7 29. Rg1 Re6 30. Rc1 Bd7 31. Rxe6 Bxe6 32. Rb1 Bc8 33. Kg3 Rc6 34. Kf4 Kg6 35. Rg1 Re6 36. Rb1 Rc6 37. Rb2 Re6 38. Rb4 Rc6 39. Rb2 Re6 40. Rb4 Rc6 41. Rb2 1/2-1/2


[Site "https://www.chess.com"]

[Event "Titled Tuesday Blitz September 27 Early 2022"]
[White "Caruana, Fabiano"]
[Black "Abdisalimov, Abdimalik"]
[WhiteFideId "2020009"]
[BlackFideId "14206323"]
[WhiteElo "2847"]
[BlackElo "2401"]
[Result "1-0"]
[Round "07"]
[TimeControl "180+1"]
[Date "2022.09.27"]
[WhiteClock "0:02:40"]
[BlackClock "0:01:48"]

1. e3 Nf6 2. b3 e5 3. Bb2 d6 4. Nf3 g6 5. d4 e4 6. Nfd2 d5 7. c4 c6 8. Nc3 a6 9. Be2 Bd6 10. Qc2 O-O 11. O-O-O b5 12. c5 Bc7 13. Kb1 Bf5 14. h3 h5 15. Rdg1 Qd7 16. Qd1 Kg7 17. g4 hxg4 18. hxg4 Be6 19. g5 Ne8 20. Ncxe4 1-0


[Site "https://www.chess.com"]

[Event "Titled Tuesday Blitz September 27 Early 2022"]
[White "Chernomordik, Pavel"]
[Black "Foerster-Yialamas, Lucas"]
[WhiteFideId "2804530"]
[BlackFideId "30901774"]
[WhiteElo "2217"]
[BlackElo "1804"]
[Result "0-1"]
[Round "07"]
[TimeControl "180+1"]
[Date "2022.09.27"]
[WhiteClock "0:00:28"]
[BlackClock "0:00:59"]

1. e4 c6 2. Nc3 d5 3. Qf3 e6 4. d3 Bb4 5. Bd2 Qf6 6. Qg3 Ne7 7. f4 d4 8. Nb1 Bxd2+ 9. Nxd2 c5 10. Nc4 Nbc6 11. Nd6+ Kd7 12. Nf3 h6 13. Nc4 Ng6 14. f5 exf5 15. O-O-O fxe4 16. Nfd2 e3 17. Ne4 Qf4 18. Nxc5+ Kc7 19. Qxf4+ Nxf4 20. Re1 Bg4 21. g3 Bf3 22. Rg1 Nd5 23. Bg2 Bxg2 24. Rxg2 f5 25. Ne6+ Kd7 26. Nxg7 b5 27. Na3 Rhg8 28. Nxf5 Raf8 29. Nh4 b4 30. Nc4 Rf6 31. a3 Rgf8 32. axb4 Ncxb4 33. Ne5+ Kc7 34. Ng4 Rf1 35. Rg1 e2 36. Nxh6 Rxg1 37. Kd2 Rff1 38. Rxe2 Rd1# 0-1


[Site "https://www.chess.com"]